 Dungeon Crawl Stone Soup version 0.22-a0-305-gd21a89c (webtiles) character file.

844 Firecrotchwizard the Grappler (level 7, -2/64 HPs)
             Began as a Minotaur Monk on Mar 31, 2018.
             Slain by an orc warrior
             ... wielding a +0 scimitar
              (23 damage)
             ... on level 5 of the Dungeon.
             The game lasted 00:07:13 (5151 turns).

Firecrotchwizard the Grappler (Minotaur Monk)       Turns: 5151, Time: 00:07:13

Health: -2/64      AC:  8    Str: 18    XL:     7   Next: 68%
Magic:  6/6        EV:  8    Int:  7    God:
Gold:   258        SH:  0    Dex: 12    Spells: 6/6 levels left

rFire    . . .     SeeInvis .     - Unarmed
rCold    . . .     Gourm    .   (no shield)
rNeg     . . .     Faith    .   t - +0 chain mail
rPois    .         Spirit   .   (helmet restricted)
rElec    .         Reflect  .   (no cloak)
rCorr    .         Harm     .   (no gloves)
MR       .....                  (no boots)
Stlth    ..........             (no amulet)
HPRegen  0.20/turn              (no ring)
MPRegen  0.10/turn              (no ring)

@: no status effects
A: retaliatory headbutt, horns 2
a: no special abilities


You were on level 5 of the Dungeon.
You were not hungry.

You visited 1 branch of the dungeon, and saw 6 of its levels.

You collected 258 gold pieces.

Inventory:

Hand Weapons
 n - a +1 short sword of speed
   (You took it off an orc on level 3 of the Dungeon)
Armour
 a - a +0 robe
 i - a +0 ring mail
   (You found it on level 2 of the Dungeon)
 t - a +0 chain mail (worn)
   (You found it on level 5 of the Dungeon)
Scrolls
 c - 9 scrolls of identify {unknown}
 d - 2 scrolls of teleportation {unknown}
 e - a scroll of immolation {unknown}
 h - 3 scrolls of blinking {unknown}
 k - 2 scrolls of fog {unknown}
 s - 2 scrolls of amnesia {unknown}
 u - 2 scrolls of vulnerability {unknown}
Potions
 f - a potion of agility
 g - a potion of ambrosia {unknown}
 j - a potion of brilliance {unknown}
 l - 3 potions of heal wounds {unknown}
 m - a potion of haste {unknown}
 p - 3 potions of invisibility {unknown}
 q - 2 potions of cancellation {unknown}
 r - 2 potions of mutation {unknown}
Comestibles
 b - 11 rations {@e1}


   Skills:
 + Level 6.9 Fighting
 + Level 1.0 Armour
 + Level 3.5 Dodging
 - Level 1.5 Stealth
 * Level 8.4 Unarmed Combat


You had 6 spell levels left.
You didn't know any spells.

Dungeon Overview and Level Annotations

Branches:
Dungeon (6/15)
 Temple: D:4-7

Altars:
Ashenzari
Gozag


Innate Abilities, Weirdness & Mutations

You reflexively headbutt those who attack you in melee.
You have a pair of horns on your head.


Message History

You take 2 damage, and have 62/64 hp.
You miss the hound.
The quokka zombie bites you but does no damage.
The hound bites you but does no damage.
You punch the hound!
You kill the hound!
The quokka zombie bites you but does no damage.
You hit the quokka zombie but do no damage.
The quokka zombie barely misses you.
A quokka zombie is nearby!
You closely miss the quokka zombie.
You headbutt the quokka zombie, but do no damage.
The quokka zombie bites you but does no damage.
You punch the quokka zombie!
You destroy the quokka zombie!
No target in view!
p - 3 brown potions (gained 2)
You open the door.
There is an open door here.
There is an open door here.
All of the chunks of flesh in your inventory have rotted away.
A bullfrog zombie comes into view.
Health restored: 64 A bullfrog zombie is nearby!
You hit the bullfrog zombie. The bullfrog zombie hits you.
You take 2 damage, and have 62/64 hp.
You punch the bullfrog zombie! You headbutt the bullfrog zombie.
The bullfrog zombie hits you but does no damage.
You hit the bullfrog zombie. You headbutt the bullfrog zombie.
The bullfrog zombie barely misses you.
You hit the bullfrog zombie.
The bullfrog zombie hits you but does no damage.
You hit the bullfrog zombie. The bullfrog zombie hits you.
You take 4 damage, and have 58/64 hp.
You barely miss the bullfrog zombie. The bullfrog zombie hits you.
You take 5 damage, and have 53/64 hp.
You punch the bullfrog zombie!
You destroy the bullfrog zombie!
No target in view!
Done exploring.
Health restored: 64 Done exploring.
(D) Dungeon
Where to? (Enter - D:5, ? - help)
Okay, then.
(D) Dungeon
Where to? (Enter - D:5, ? - help)
There is a stone staircase leading down here.
You climb downwards.
You hear the sound of rushing water.
There is an entrance to a sewer on this level.
Hurry and find it before the portal rusts away!
There is a stone staircase leading up here.
You open the door.
A worker ant zombie comes into view.
A worker ant zombie is nearby! 2 orcs, an orc warrior and an orc priest come into view.
The orc warrior shouts!
The orc shouts!
The orc priest shouts!
There is an open door here.
The worker ant zombie closely misses you.
You furiously retaliate!
You headbutt the worker ant zombie. You hit the worker ant zombie.
You punch the worker ant zombie!
The worker ant zombie closely misses you.
You furiously retaliate!
You headbutt the worker ant zombie!
You destroy the worker ant zombie!
Your Armour skill increases to level 1!
There is an open door here.
You close the door.
An orc priest opens the door.
The orc priest mumbles some strange prayers to Beogh against you.
Pain shoots through your body!
There is a stone staircase leading up here.
You take 3 damage, and have 61/64 hp.
The orc warrior hits you with a scimitar!
You climb upwards.
There is a stone staircase leading down here.
You take 14 damage, and have 48/64 hp.
MASSIVE DAMAGE!!
You hit the orc warrior but do no damage.
Your headbutt misses the orc warrior.
The orc warrior hits you but does no damage.
You punch the orc warrior!
The orc warrior hits you but does no damage.
You hit the orc warrior. You punch the orc warrior!
The orc warrior hits you with a scimitar!
You take 10 damage, and have 39/64 hp.
Your chain mail prevents you from hitting the orc warrior.
The orc warrior hits you with a scimitar!
You take 7 damage, and have 32/64 hp.
You hit the orc warrior but do no damage.
You hit the orc warrior but do no damage.
The orc warrior hits you with a scimitar!
You take 10 damage, and have 22/64 hp.
You hit the orc warrior.
The orc warrior hits you with a scimitar.
You take 1 damage, and have 21/64 hp.
You hit the orc warrior. Your headbutt misses the orc warrior.
The orc warrior hits you with a scimitar!!
You die...

#.#..# #...................
#.#..# #####.##...........#
#.#..#### #.##.#.......#.#
#.......# #.##.#.......#.#
###..##.#####.##.#.#...#....
#..##...............##.#.#
#..########.........##.#.#
#..###########.#.##.##.#.#
#.......o@###....##.##.#.#
#...#####.##.....##.##.#.#
###...# #...........##.#.#
#...รท.# #..#.....#####.#.#
#.....# #..##..........#.#
#.....#####.............##.#
#........(..####.#.####.##.#
#.....##.#### #.#.# #.##.#
###.####.#### #.#.# #.##.#


You could see an orc warrior.

Vanquished Creatures
  Sigmund (D:4)
  2 phantoms (D:4)
  A scorpion (D:5)
  The ghost of chromaticdragonking the Ducker, a weakling DsGl (D:3)
  A crimson imp (D:5)
  A bullfrog zombie (D:5)
  3 hounds
  A bullfrog skeleton (D:5)
  An orc priest (D:3)
  A worker ant (D:4)
  A hound skeleton (D:3)
  3 worker ant zombies
  A howler monkey skeleton (D:3)
  2 adders (D:2)
  An adder zombie (D:3)
  An ooze (D:2)
  3 worms
  A dart slug (D:2)
  A leopard gecko (D:4)
  3 orcs (D:3)
  8 bats
  3 giant cockroaches
  7 goblins
  9 hobgoblins
  12 jackals
  11 kobolds
  2 quokkas
  3 ball pythons
  8 frilled lizards
  A leopard gecko zombie (D:3)
  2 quokka zombies
  9 rats
105 creatures vanquished.

Notes
Turn   | Place    | Note
-------+----------+-------------------------------------------
     0 | D:1      | Firecrotchwizard the Minotaur Monk began the quest for the Orb.
     0 | D:1      | Reached XP level 1. HP: 19/19 MP: 0/0
   295 | D:1      | HP: 4/20 [jackal (3)]
   306 | D:1      | Reached XP level 2. HP: 7/27 MP: 1/1
   600 | D:1      | Reached skill level 4 in Fighting
   619 | D:1      | Reached skill level 4 in Unarmed Combat
   991 | D:2      | Reached XP level 3. HP: 33/33 MP: 2/2
  1025 | D:2      | HP: 8/33 [hobgoblin/club (6)]
  1031 | D:2      | HP: 6/33 [poisoned by an adder]
  1038 | D:2      | HP: 3/33 [poisoned by an adder]
  1043 | D:2      | HP: 3/33 [poisoned by an adder]
  1189 | D:2      | HP: 8/33 [jackal (2)]
  1202 | D:2      | HP: 2/33 [jackal (3)]
  1345 | D:2      | HP: 7/34 [worm (10)]
  1347 | D:2      | HP: 3/34 [worm (4)]
  1935 | D:2      | Reached XP level 4. HP: 28/41 MP: 3/3
  2178 | D:2      | Reached skill level 5 in Unarmed Combat
  2794 | D:3      | Noticed chromaticdragonking's ghost (weakling DsGl)
  2804 | D:3      | Killed chromaticdragonking's ghost
  2804 | D:3      | Reached skill level 5 in Fighting
  2804 | D:3      | Reached XP level 5. HP: 40/48 MP: 4/4
  2927 | D:3      | Reached skill level 6 in Unarmed Combat
  3534 | D:4      | Noticed Sigmund
  3547 | D:4      | Killed Sigmund
  3547 | D:4      | Reached XP level 6. HP: 35/57 MP: 5/5
  3675 | D:4      | Reached skill level 7 in Unarmed Combat
  3823 | D:4      | Reached skill level 6 in Fighting
  3827 | D:4      | Found an opulent altar of Gozag.
  3838 | D:4      | Reached XP level 7. HP: 56/63 MP: 6/6
  4448 | D:5      | Entered Level 5 of the Dungeon
  4550 | D:5      | Found a shattered altar of Ashenzari.
  4577 | D:5      | Reached skill level 8 in Unarmed Combat
  4787 | D:5      | Found a shattered altar of Ashenzari.
  5134 | D:6      | Reached skill level 1 in Armour
  5151 | D:5      | Slain by an orc warrior

Vault maps used:
D:1:      mainiacjoe_arrival_reflecting_pool, kennysheep_crisscross
D:2:      minmay_tetromino_i4
D:3:      serial_undead, serial_undead_b, serial_undead_c, serial_undead_b,
          serial_undead_b, serial_undead_d, serial_undead_b, serial_undead_b,
          serial_undead_f, first_ration, serial_bayou_pond_c,
          columned_hall_lemuel, minmay_misc_feat_doors
D:4:      grunt_gozag_breadcrumbs, uniq_sigmund
D:5:      nicolae_ashenzari_panopticon, basic_altar, minmay_misc_feat_five,
          kennysheep_generic_room_13
D:6:      portal_sewer_entry_a, uniq_blork_the_orc

Skill      XL: |  1  2  3  4  5  6  7 |
---------------+----------------------+-----
Fighting       | 4 5 6 |  6.9
Unarmed Combat | 4 5 6 7 8 |  8.4
Armour         | 1 |  1.0
Dodging        | |  3.5
Stealth        | |  1.5

Action                   |  1- 3 |  4- 6 |  7- 9 || total
-------------------------+-------+-------+-------++-------
Melee: Unarmed           |   120 |   107 |    82 ||   309
       Headbutt          |    16 |    20 |    17 ||    53
       Punch             |     1 |       |     1 ||     2
  Use: Potion            |     1 |     1 |       ||     2
 Stab: Sleeping          |     6 |       |       ||     6
  Eat: Chunk             |     3 |     6 |     1 ||    10
       Ration            |       |       |     1 ||     1
Armor: Robe              |    19 |       |       ||    19
       Ring mail         |       |    18 |    16 ||    34
       Chain mail        |       |       |    11 ||    11
Dodge: Dodged            |    94 |    58 |    17 ||   169

Table legend:
 A = Spawn XP
 B = Non-spawn XP
 C = Spawn XP percentage of total XP
 D = Spawn monster count
 E = Non-spawn monster count
 F = Spawn count percentage of total count
 G = Total turns spent on level
                    A         B        C        D         E        F      G
               +---------+---------+-------+---------+---------+-------+---------
         Total |       0 |    1206 |   0.0 |       0 |     105 |   0.0 |  5151
               +---------+---------+-------+---------+---------+-------+---------
           D:1 |       0 |      33 |   0.0 |       0 |      19 |   0.0 |   937
           D:2 |       0 |      86 |   0.0 |       0 |      33 |   0.0 |  1523
           D:3 |       0 |     199 |   0.0 |       0 |      32 |   0.0 |  1050
           D:4 |       0 |     569 |   0.0 |       0 |      10 |   0.0 |   938
           D:5 |       0 |     303 |   0.0 |       0 |      10 |   0.0 |   689
           D:6 |       0 |      16 |   0.0 |       0 |       1 |   0.0 |    14
               +---------+---------+-------+---------+---------+-------+---------

Vault maps used:
D:1:      mainiacjoe_arrival_reflecting_pool, kennysheep_crisscross
D:2:      minmay_tetromino_i4
D:3:      serial_undead, serial_undead_b, serial_undead_c, serial_undead_b,
          serial_undead_b, serial_undead_d, serial_undead_b, serial_undead_b,
          serial_undead_f, first_ration, serial_bayou_pond_c,
          columned_hall_lemuel, minmay_misc_feat_doors
D:4:      grunt_gozag_breadcrumbs, uniq_sigmund
D:5:      nicolae_ashenzari_panopticon, basic_altar, minmay_misc_feat_five,
          kennysheep_generic_room_13
D:6:      portal_sewer_entry_a, uniq_blork_the_orc

Table legend:
 A = Turns spent in this place as a percentage of turns spent in the entire game.
 B = Non-inter-level travel turns spent in this place as a percentage of non-inter-level travel turns spent in the entire game.
 C = Inter-level travel turns spent in this place as a percentage of turns spent in this place.
 D = Turns resting spent in this place as a percentage of non-inter-level travel turns spent in this place.
 E = Turns spent auto-exploring this place as a percentage of non-inter-level travel turns spent in this place.
 F = Non-inter-level travel turns spent in this place divided by the number of levels of this place that you've seen.
                   A       B       C       D       E      F
               +-------+-------+-------+-------+-------+----------------------
         Total | 100.0 | 100.0 |   2.0 |  31.7 |  53.2 | 841.0
       Dungeon | 100.0 | 100.0 |   2.0 |  31.7 |  53.2 | 841.0
               +-------+-------+-------+-------+-------+----------------------

Table legend:
 A = Kills in this place as a percentage of kills in entire the game.
 B = Kills by you in this place as a percentage of kills by you in the entire game.
 C = Kills by friends in this place as a percentage of kills by friends in the entire game.
 D = Other kills in this place as a percentage of other kills in the entire game.
 E = Experience gained in this place as a percentage of experience gained in the entire game.
 F = Experience gained in this place divided by the number of levels of this place that you have seen.
                   A       B       C       D       E      F
               +-------+-------+-------+-------+-------+----------------------
         Total | 100.0 | 100.0 |   N/A |   N/A | 100.0 | 201.0
       Dungeon | 100.0 | 100.0 |   N/A |   N/A | 100.0 | 201.0
               +-------+-------+-------+-------+-------+----------------------
